 Dungeon Crawl Stone Soup version 0.27-b1-41-gafb5482f4b (webtiles) character file.

Game seed: 6758193822899527710

1481 ZARRMARR the Insei (level 8, -15/57 HPs)
             Began as a Merfolk Transmuter on July 28, 2021.
             Was an Initiate of Hepliaklqana.
             Demolished by a two-headed ogre (16 damage)
             ... on level 6 of the Dungeon.
             The game lasted 01:12:33 (9545 turns).

ZARRMARR the Insei (Merfolk Transmuter)             Turns: 9545, Time: 01:12:35

Health: -15/57     AC:  7    Str: 10    XL:     8   Next: 79%
Magic:  14/14      EV: 14    Int: 14    God:    Hepliaklqana [......]
Gold:   255        SH:  0    Dex: 15    Spells: 12/15 levels left

rFire    . . .     SeeInvis .     - Unarmed
rCold    . . .     Faith    .   (no shield)
rNeg     . . .     Spirit   .   v - +1 steam dragon scales
rPois    .         Reflect  .   r - +0 helmet
rElec    .         Harm     .   (no cloak)
rCorr    .         Rampage  .   (no gloves)
Will     .....                  (no boots)
Stlth    ++........             m - amulet of regeneration
HPRegen  1.19/turn              (no ring)
MPRegen  0.14/turn              (no ring)

@: wereblooded (expiring), studying Slings
A: (nimble swimmer 2), mertail
a: Renounce Religion


You were on level 6 of the Dungeon.
You worshipped Hepliaklqana.
Hepliaklqana was noncommittal.
You visited 2 branches of the dungeon, and saw 7 of its levels.
You also visited: Sewer.

You collected 255 gold pieces.

Inventory:

Hand Weapons
 f - a +2 vorpal spear
 q - a +1 flail of protection
Missiles
 b - 4 curare-tipped darts
 e - 61 poisoned darts
 g - 10 boomerangs (quivered)
Armour
 a - a +1 robe
 r - a +0 helmet (worn)
 v - +1 steam dragon scales (worn)
Jewellery
 c - an amulet of the acrobat
 l - a ring of fire
 m - an amulet of regeneration (around neck)
 u - a ring of magical power
Scrolls
 t - a scroll of immolation
 w - a scroll of magic mapping
Potions
 d - 3 potions of heal wounds {unknown}
 h - 2 potions of berserk rage {unknown}
 i - 2 potions of haste {unknown}
 k - a potion of might {unknown}
 n - a potion of degeneration {unknown}
 o - a potion of cancellation {unknown}
 p - a potion of attraction {unknown}
 s - a potion of magic {unknown}


   Skills:
 + Level 2.3 Fighting
 + Level 5.4 Throwing
 + Level 4.7 Dodging
 + Level 2.9 Stealth
 + Level 6.8 Unarmed Combat
 + Level 4.1 Spellcasting
 + Level 5.5 Transmutations


You had 12 spell levels left.
You knew the following spells:

 Your Spells              Type           Power      Damage    Failure   Level
a - Beastly Appendage     Tmut           36%        N/A       1%          1
b - Wereblood             Tmut           18%        N/A       3%          2

Your spell library contained the following spells:

 Spells                   Type           Power      Damage    Failure   Level
 Passwall                 Tmut/Erth      8%         N/A       10%         2
 Spider Form              Tmut/Pois      5%         N/A       19%         3
 Swiftness                Air            2%         N/A       50%         3
 Ice Form                 Ice/Tmut       10%        N/A       52%         4
 Invisibility             Hex            1%         N/A       100%        6


Dungeon Overview and Level Annotations

Branches:
Dungeon (6/15)             Temple (1/1) D:5           Sewer (visited)

Altars:
Ashenzari
Elyvilon
Fedhas
Gozag
Hepliaklqana
Kikubaaqudgha
Nemelex Xobeh
Okawaru
Qazlal
Ru
Sif Muna
Trog
Uskayaw
Vehumet
Xom
The Shining One


Innate Abilities, Weirdness & Mutations

((You are quick and stealthy near water. (Stealth+, EV+, Speed+++)))
Your lower body shifts to a powerful aquatic tail in water.


Message History

The orc warrior hits you from afar with a +0 trident!
You closely miss the two-headed ogre.
The two-headed ogre is lightly wounded.
The two-headed ogre barely misses you. The two-headed ogre closely misses you.
You barely miss the two-headed ogre.
The two-headed ogre is lightly wounded.
The orc warrior hits you from afar with a +0 trident.
A kobold comes into view. It is wielding a +0 club.
The kobold shouts! x2
You hit the two-headed ogre.
The two-headed ogre is lightly wounded.
The two-headed ogre hits you with a +0 giant club!!
* * * LOW HITPOINT WARNING * * *
The two-headed ogre hits you with a +0 dire flail.
* * * LOW HITPOINT WARNING * * *
The orc warrior closely misses you.
Blink to where?
Press: ? - help, Dir - move target
As you read the scroll of blinking, it crumbles to dust.
Your transformation is almost over.
An orc comes into view. It is wielding a +0 hand axe.
You see here a hound skeleton.
An orc comes into view. It is wielding a +0 flail.
The orc shouts!
You barely miss the orc.
Your horns disappear.
Your +0 helmet unmelds from your body.
The orc misses you.
You closely miss the orc. The orc barely misses you.
You hit the orc but do no damage. You hit the orc but do no damage.
The orc barely misses you.
You hit the orc but do no damage. The orc closely misses you.
You closely miss the orc. The orc misses you.
You barely miss the orc. The orc closely misses you.
You hit the orc but do no damage.
Your primal bloodlust is almost over.
The orc misses you.
The two-headed ogre hits you with a +0 giant club!!
* * * LOW HITPOINT WARNING * * *
The two-headed ogre hits you with a +0 dire flail!
You die...

..# #.# #.#
#.#
#.#####.####
#..........#
#######.##.#
#O##.#
#@##.#
#o##.#
#o##.#
#.##.#
#.##O# ..
#.##.# # #.#
#<##.# #.
#.# #.##.#
#.# #.#
#.##.#


You could see a two-headed ogre and 2 orcs.

Vanquished Creatures
  A steam dragon (D:6)
  Edmund (D:6)
  A black bear (D:5)
  An ice beast (D:5)
  An ogre (D:4)
  3 kobold brigands (Sewer)
  A bullfrog (D:4)
  A scorpion (D:5)
  A water moccasin skeleton (D:5)
  A jelly (D:6)
  A centaur zombie (D:4)
  A hound (D:6)
  A centaur skeleton (D:6)
  2 bullfrog skeletons
  An orc wizard (D:3)
  4 iguanas
  A hound zombie (D:5)
  A hound skeleton (D:4)
  12 adders
  An ufetubus (D:4)
  2 worms
  2 dart slugs
  4 orcs
  8 bats
  6 endoplasms
  3 giant cockroaches
  2 goblins (D:4)
  4 hobgoblins
  21 kobolds
  3 quokkas
  8 ball pythons
  4 frilled lizards
  7 rats
111 creatures vanquished.

Vanquished Creatures (collateral kills)
  A jelly (D:4)
  An endoplasm (D:4)
2 creatures vanquished.

Vanquished Creatures (others)
  3 fungi
  20 plants (Sewer)
23 creatures vanquished.

Grand Total: 136 creatures vanquished

Notes
Turn   | Place    | Note
-------+----------+-------------------------------------------
     0 | D:1      | ZARRMARR the Merfolk Transmuter began the quest for the
                  | Orb.
     0 | D:1      | Reached XP level 1. HP: 15/15 MP: 3/3
   517 | D:1      | Found a faded altar of an unknown god.
   762 | D:1      | Reached XP level 2. HP: 19/21 MP: 3/5
  1213 | D:2      | Reached XP level 3. HP: 26/26 MP: 4/6
  1736 | D:2      | Reached skill level 1 in Throwing
  2414 | D:2      | HP: 1/26 [poisoned by an adder]
  2415 | D:2      | Reached skill level 4 in Unarmed Combat
  2415 | D:2      | Reached XP level 4. HP: 1/32 MP: 6/8
  2950 | D:3      | Found a blossoming altar of Fedhas.
  2985 | D:3      | Reached skill level 1 in Stealth
  2992 | D:3      | Found a glowing drain.
  3208 | Sewer    | Entered a sewer
  3622 | Sewer    | Noticed a kobold brigand
  3622 | Sewer    | Noticed a kobold brigand
  3622 | Sewer    | Noticed a kobold brigand
  3722 | Sewer    | Killed a kobold brigand
  3723 | Sewer    | Reached XP level 5. HP: 6/37 MP: 9/9
  3878 | Sewer    | Killed a kobold brigand
  3879 | Sewer    | Reached XP level 6. HP: 14/43 MP: 10/10
  4718 | Sewer    | Learned a level 2 spell: Wereblood
  5381 | D:4      | Reached skill level 5 in Unarmed Combat
  5528 | D:4      | Reached XP level 7. HP: 36/49 MP: 9/12
  7092 | D:5      | Entered Level 5 of the Dungeon
  7123 | D:5      | Found an iron altar of Okawaru.
  7458 | D:5      | Reached XP level 8. HP: 53/56 MP: 11/13
  7572 | D:5      | Reached skill level 5 in Transmutations
  7696 | D:5      | Found a stormy altar of Qazlal.
  7734 | D:5      | Found a staircase to the Ecumenical Temple.
  8025 | Temple   | Entered the Ecumenical Temple
  8094 | Temple   | Became a worshipper of Ru the Awakened
  8197 | Temple   | Fell from the grace of Ru
  8197 | Temple   | Became a worshipper of Hepliaklqana the Forgotten
  8226 | D:5      | Found a bloodstained altar of Trog.
  8321 | D:5      | Reached skill level 6 in Unarmed Combat
  8686 | D:6      | Reached skill level 5 in Throwing
  8974 | D:6      | Noticed a cyclops
  9134 | D:6      | Noticed Edmund
  9405 | D:6      | Killed Edmund
  9492 | D:6      | Noticed a two-headed ogre
  9545 | D:6      | HP: 1/57 [two-headed ogre (25)]
  9545 | D:6      | Demolished by a two-headed ogre

Illustrated notes

Levels and vault maps discovered:
D:1:      minmay_arrival_three_doors, layout_basic,
          dreamdust_ecumenical_altar_statues
D:2:      layout_basic
D:3:      layout_rooms, fedhas_altar_3, portal_sewer_entry_b
D:4:      layout_basic, hangedman_abyss_or_decor_stagger, minmay_manual_moon
D:5:      layout_rooms, lemuel_round_altar, mainiacjoe_overflow_surrounded_room,
          mainiacjoe_overflow_paths, minmay_temple_entry_arrows
D:6:      minmay_thick_lines, layout_basic, mainiacjoe_overflow_small_starburst,
          uniq_edmund
Temple:   nicolae_temple_x_marks_the_god

Skill      XL: |  1  2  3  4  5  6  7  8 |
---------------+-------------------------+-----
Transmutations | 3 4 5 |  5.5
Throwing       | 1 2 3 4 5 |  5.4
Unarmed Combat | 4 5 6 |  6.8
Stealth        | 1 2 |  2.9
Dodging        | 3 4 |  4.7
Spellcasting   | 3 4 |  4.1
Fighting       | 2 |  2.3

Action                   |  1- 3 |  4- 6 |  7- 9 || total
-------------------------+-------+-------+-------++-------
Melee: Unarmed           |    80 |   185 |   204 ||   469
       Headbutt          |     7 |    13 |    35 ||    55
       Punch             |     1 |     4 |     6 ||    11
       Tailslap          |       |    17 |       ||    17
Throw: Boomerang         |    45 |    58 |   100 ||   203
 Cast: Beastly Appendage |    17 |    24 |    24 ||    65
       Wereblood         |       |     2 |     1 ||     3
  Use: Scroll            |     4 |     5 |     9 ||    18
       Potion            |       |     4 |       ||     4
 Stab: Sleeping          |     1 |     2 |       ||     3
Armor: Robe              |    20 |    14 |    15 ||    49
       Steam dragon scal |       |       |     9 ||     9
Dodge: Dodged            |    53 |    73 |   119 ||   245
